 Dungeon Crawl Stone Soup version 0.28.0-45-g0d030f2227 (webtiles) character file.

Game seed: 10300676356441982310

39 DearestLeader the Chopper (level 3, -5/35 HPs)
             Began as a Gnoll Chaos Knight on Apr 15, 2022.
             Was a Plaything of Xom.
             Slain by Sigmund
             ... wielding a +3 scythe of distortion
              (17 damage)
             ... on level 3 of the Dungeon on Apr 17, 2022.
             The game lasted 00:02:51 (1669 turns).

DearestLeader the Chopper (Gnoll Chaos Knight)      Turns: 1669, Time: 00:02:52

Health: -5/35      AC:  5    Str: 13    XL:     3   Next: 45%
Magic:  4/4        EV: 12    Int: 11    God:    Xom [..*...]
Gold:   62         SH:  0    Dex: 11    Spells: 3/3 levels left

rFire   . . .      SeeInvis .   a - +0 hand axe (chaos)
rCold   . . .      Faith    .   (no shield)
rNeg    . . .      Spirit   .   b - +2 leather armour
rPois   .          Reflect  .   (no helmet)
rElec   .          Harm     .   (no cloak)
rCorr   .          Rampage  .   (no gloves)
Will    .....                   (no boots)
Stlth   +.........              (no amulet)
HPRegen 0.11/turn               (no ring)
MPRegen 0.09/turn               (no ring)

@: flying
A: fangs 1, strong nose, distributed training
a: Renounce Religion


You were on level 3 of the Dungeon.
You worshipped Xom.
You were a toy of Xom.
You visited 1 branch of the dungeon, and saw 3 of its levels.

You collected 62 gold pieces.

Inventory:

Hand Weapons
 a - a +0 hand axe of chaos (weapon)
Missiles
 d - 9 bolts
Armour
 b - a +2 leather armour (worn)
Scrolls
 c - a scroll of summoning {unknown}
 e - 2 scrolls of identify {unknown}
 h - a scroll of immolation {unknown}
 i - a scroll of silence {unknown}
 j - a scroll of enchant armour {unknown}
 k - a scroll of enchant weapon {unknown}
Potions
 f - 2 potions of flight
 g - a potion of attraction {unknown}


   Skills:
 + Level 6.5 Fighting
 + Level 0.8 Short Blades
 + Level 0.8 Long Blades
 + Level 6.5 Axes
 + Level 0.8 Maces & Flails
 + Level 0.8 Polearms
 + Level 0.8 Staves
 + Level 0.8 Slings
 + Level 0.8 Bows
 + Level 0.8 Crossbows
 + Level 0.8 Throwing
 + Level 4.5 Armour
 + Level 2.6 Dodging
 + Level 0.8 Stealth
 + Level 0.8 Shields
 + Level 0.8 Unarmed Combat
 + Level 0.8 Spellcasting
 + Level 0.5 Conjurations
 + Level 0.5 Hexes
 + Level 0.5 Summonings
 + Level 0.5 Necromancy
 + Level 0.5 Translocations
 + Level 0.5 Transmutations
 + Level 0.5 Fire Magic
 + Level 0.5 Ice Magic
 + Level 0.5 Air Magic
 + Level 0.5 Earth Magic
 + Level 0.5 Poison Magic
 + Level 1.0 Invocations
 + Level 0.8 Evocations


You had 3 spell levels left.
You didn't know any spells.
Your spell library contained the following spells:

 Spells                   Type           Power      Damage    Failure   Level
 Sandblast                Erth           2%         2d4       32%         1
 Passwall                 Tmut/Erth      0%         N/A       43%         2
 Stone Arrow              Conj/Erth      2%         3d7       67%         3


Dungeon Overview and Level Annotations

Branches:
Dungeon (3/15)

Altars:
Uskayaw
Beogh

Shops:
D:1 ?

Annotations:
D:3 Sigmund


Innate Abilities, Weirdness & Mutations

You have very sharp teeth.
Your uncanny sense of smell can sniff out nearby items.
Your experience applies equally to all skills.


Message History

You see here a staff of cold.
Done exploring.
Done exploring.
(D) Dungeon
Where to? (? - help)
What level of the Dungeon? (default 1, ? - help)
You see here a staff of cold.
There is a stone staircase leading down here.
You climb downwards.
The frilled lizard hisses angrily.
There is a stone staircase leading up here.
A frilled lizard is nearby!
The frilled lizard barely misses you.
You closely miss the frilled lizard. You bite the frilled lizard.
The frilled lizard is heavily wounded.
The frilled lizard bites you but does no damage.
You miss the frilled lizard.
The frilled lizard is heavily wounded.
You barely miss the frilled lizard. Your bite misses the frilled lizard.
The frilled lizard is heavily wounded.
The frilled lizard bites you.
You slash the frilled lizard!
You kill the frilled lizard!
No target in view!
HP restored.
Sigmund the Dreaded comes into view.
He is wielding a +3 scythe of distortion.
It was a potion of flight.
You feel very buoyant.
You fly up into the air.
Xom is amused.
Sigmund drinks a potion.
Sigmund flickers and vanishes!
Deactivating autopickup; reactivate with Ctrl-A.
You hear some strange, mumbled words.
Something tries to affect you, but you resist.
You hit something. Something hits you. Space warps around you.
You miss something. Something hits you!
You hit something but do no damage. Your bite misses something.
You barely miss something. You bite something. Something hits you.
Space warps horribly around you!
You die...

#§§... #§≈§.# #.§.§
≈ # #.§.### ##
§.#.###!≈... ..#
≈....§§.≈.#####.#
≈§≈≈≈.§§≈..#.##.####
.......@........./..
...#.####.##.##.#
#.......# #.......#
∆ ##.#.#..#######
#............#
#.###...####.#
#.###...####.##
#.........#....


There were no monsters in sight!

Vanquished Creatures
  A dart slug (D:2)
  An orc (D:2)
  5 endoplasms
  A giant cockroach (D:1)
  6 goblins
  2 hobgoblins (D:2)
  4 kobolds
  A quokka (D:2)
  A ball python (D:1)
  5 bats
  A frilled lizard (D:3)
  4 rats
32 creatures vanquished.

Notes
Turn   | Place    | Note
-------+----------+-------------------------------------------
     0 | D:1      | DearestLeader the Gnoll Chaos Knight began the quest for
                  | the Orb.
     0 | D:1      | Reached XP level 1. HP: 23/23 MP: 1/1
    30 | D:1      | Found Jeilor's Magic Scroll Shop.
   163 | D:1      | Reached XP level 2. HP: 29/29 MP: 2/2
   763 | D:2      | Found a hide-covered altar of Uskayaw.
   908 | D:2      | Reached XP level 3. HP: 28/35 MP: 3/3
  1142 | D:2      | Found a faded altar of an unknown god.
  1534 | D:2      | Reached skill level 1 in Invocations
  1658 | D:3      | Noticed Sigmund
  1669 | D:3      | Slain by Sigmund

Illustrated notes

Levels and vault maps discovered:
D:1:      dpeg_arrival_fog, layout_loops_ring, serial_shops, shop,
          wad_floor_pattern_1, chequers_hall_statues_y
D:2:      layout_loops_ring, basic_altar,
          hellmonk_ecumenical_altar_defaced_shrine, hangedman_decor_slide_cut
D:3:      layout_loops_cross, mainiacjoe_overflow_brackets,
          grunt_gozag_breadcrumbs, serial_shops, shop, serial_bayou_pond_e,
          uniq_sigmund

Skill      XL: |  1  2  3 |
---------------+----------+-----
Invocations    | 1 |  1.0
Fighting       | |  6.5
Short Blades   | |  0.8
Long Blades    | |  0.8
Axes           | |  6.5
Maces & Flails | |  0.8
Polearms       | |  0.8
Staves         | |  0.8
Slings         | |  0.8
Bows           | |  0.8
Crossbows      | |  0.8
Throwing       | |  0.8
Armour         | |  4.5
Dodging        | |  2.6
Stealth        | |  0.8
Shields        | |  0.8
Unarmed Combat | |  0.8
Spellcasting   | |  0.8
Conjurations   | |  0.5
Hexes          | |  0.5
Summonings     | |  0.5
Necromancy     | |  0.5
Translocations | |  0.5
Transmutations | |  0.5
Fire Magic     | |  0.5
Ice Magic      | |  0.5
Air Magic      | |  0.5
Earth Magic    | |  0.5
Poison Magic   | |  0.5
Evocations     | |  0.8

Action                   || total
-------------------------++-------
Melee: Hand axe          ||    87
       Bite              ||     9
       Punch             ||     2
  Use: Potion            ||     1
 Stab: Sleeping          ||     2
Armor: Leather armour    ||    23
Dodge: Dodged            ||    36
